 Dungeon Crawl Stone Soup version 0.27.1-33-g824d729ab1 (webtiles) character file.

Game seed: 10903375664294108369

185 lonewolfV2 the Magician (level 5, -4/25 HPs)
             Began as a Deep Elf Earth Elementalist on Dec 13, 2021.
             Was a Plaything of Xom.
             Slain by Natasha (5 damage)
             ... on level 4 of the Dungeon.
             The game lasted 00:13:14 (4068 turns).

lonewolfV2 the Magician (DEEE)                      Turns: 4068, Time: 00:13:19

Health: -4/25      AC:  2    Str:  3      XL:     5   Next: 37%
Magic:  5/15       EV: 12    Int: 21      God:    Xom [.*....]
Gold:   128        SH:  0    Dex: 12 (15) Spells: 11/15 levels left

rFire    x . .     SeeInvis .   l - +3 quarterstaff (chaos)
rCold    + . .     Faith    .   (shield currently unavailable)
rNeg     . . .     Spirit   .   b - +0 robe
rPois    .         Reflect  .   (helmet restricted)
rElec    .         Harm     .   (no cloak)
rCorr    .         Rampage  .   (no gloves)
Will     .....                  (no boots)
Stlth    ++++......             (no amulet)
HPRegen  0.08/turn              m - ring of ice
MPRegen  0.14/turn              (no ring)

@: especially stealthy
A: antennae 1, frail 1, weak 1
a: Renounce Religion


You were on level 4 of the Dungeon.
You worshipped Xom.
You were a plaything of Xom.
You visited 1 branch of the dungeon, and saw 4 of its levels.

You collected 128 gold pieces.

Inventory:

Hand Weapons
 l - a +3 quarterstaff of chaos (weapon)
Armour
 b - a +0 robe (worn)
Jewellery
 m - a ring of ice (left hand)
Wands
 j - a wand of iceblast (6)
Scrolls
 e - a scroll of magic mapping {unknown}
 h - a scroll of brand weapon {unknown}
 k - a scroll of noise {unknown}
 n - a scroll of enchant weapon {unknown}
 o - a scroll of fog {unknown}
 p - a scroll of blinking {unknown}
Potions
 a - a potion of flight {unknown}
 c - a potion of curing {unknown}
 d - a potion of cancellation
 f - a potion of invisibility
 g - a potion of mutation
 q - a potion of lignification {unknown}


   Skills:
 + Level 0.1 Fighting
 + Level 0.1 Staves
 + Level 3.0 Dodging
 + Level 2.7 Stealth
 + Level 5.6 Spellcasting
 + Level 0.4 Conjurations
 + Level 1.1 Transmutations
 + Level 4.8 Earth Magic


You had 11 spell levels left.
You knew the following spells:

 Your Spells              Type           Power      Damage    Failure   Level
a - Sandblast             Erth           52%        2d12      1%          1
b - Stone Arrow           Conj/Erth      34%        3d9       11%         3

Your spell library contained the following spells:

 Spells                   Type           Power      Damage    Failure   Level
 Passwall                 Tmut/Erth      15%        N/A       4%          2
 Blink                    Tloc           N/A        N/A       16%         2
 Petrify                  Tmut/Erth      18%        N/A       30%         4
 Manifold Assault         Tloc           5%         N/A       96%         5
 Storm Form               Tmut/Air       4%         N/A       100%        7


Dungeon Overview and Level Annotations

Branches:
Dungeon (4/15)
 Temple: D:4-7

Altars:
Okawaru
Uskayaw
Xom

Shops:
D:1 =

Annotations:
D:3 3 runed translucent doors, Iich's ghost, amateur MiBe
D:4 Natasha


Innate Abilities, Weirdness & Mutations

You have a pair of small antennae on your head.
You are frail. (-10% HP)
You are weak. (Str -2)


Message History

You don't have any stones to cast with.
Unknown command.
Casting: Sandblast (safe; 1% risk of failure)
Confirm with . or Enter, or press ? or * to list all spells.
The spell is quite dangerous to cast (11% risk of failure)!
Continue anyway?
Aiming: Stone Arrow (quite dangerous; 11% risk of failure)
Press: ? - help, Shift-Dir - straight line, f/p - orc
Aim: an orc, wielding a +0 club (68% to hit)
The stone arrow hits the orc!
You kill the orc!
The orc priest calls down the wrath of Beogh upon you.
Beogh smites you!
Ouch! That really hurt!
* * * LOW HITPOINT WARNING * * *
You feel much better.
The ball python bites you but does no damage.
The ball python barely misses you.
The orc priest invokes the aid of Beogh against you.
You struggle to resist.
The ball python barely misses you. The ball python closely misses you.
The crimson imp blinks!
You barely miss the ball python. The orc priest closely misses you.
The ball python completely misses you. The ball python closely misses you.
You hit the ball python.
The ball python seems to slow down.
You freeze the ball python.
You kill the ball python!
Natasha claws you!
The orc priest hits you with a +0 morningstar.
Natasha claws you.
The orc priest hits you with a +0 morningstar!
* * * LOW HITPOINT WARNING * * *
Natasha closely misses you.
You see here an adder corpse.
You hit the orc priest but do no damage.
The orc priest is severely wounded.
The orc priest hits you with a +0 morningstar.
* * * LOW HITPOINT WARNING * * *
Natasha mewls in sadness.
Natasha claws you.
You die...
Xom bursts into laughter!

### ##.##
...
#######.###
......h<..#
...#$.o@..#
#5.#.#.#
.......#.#
........# #
........#
........#
#######..
###


You could see an orc priest, Natasha and a crimson imp (summoned).

Vanquished Creatures
  Crazy Yiuf (D:2)
  An orc priest (D:4)
  Jessica (D:2)
  5 adders
  A dart slug (D:3)
  5 orcs
  5 ball pythons
  An endoplasm (D:3)
  A giant cockroach (D:3)
  4 goblins (D:1)
  6 hobgoblins
  5 jackals
  4 quokkas
  6 bats
  9 kobolds
  4 rats
59 creatures vanquished.

Vanquished Creatures (others)
  An adder (D:4)
1 creature vanquished.

Grand Total: 60 creatures vanquished

Notes
Turn   | Place    | Note
-------+----------+-------------------------------------------
     0 | D:1      | lonewolfV2 the Deep Elf Earth Elementalist began the quest
                  | for the Orb.
     0 | D:1      | Reached XP level 1. HP: 10/10 MP: 6/6
   176 | D:1      | Found a faded altar of an unknown god.
   260 | D:1      | Reached XP level 2. HP: 14/15 MP: 4/8
   599 | D:1      | Found Tavi's Jewellery Emporium.
   825 | D:1      | Reached skill level 4 in Spellcasting
   825 | D:1      | Reached XP level 3. HP: 19/19 MP: 5/10
   913 | D:1      | Learned a level 3 spell: Stone Arrow
  1151 | D:1      | Became a worshipper of Xom of Chaos
  1861 | D:2      | XOM: silly message
  1862 | D:2      | Found a hide-covered altar of Uskayaw.
  1866 | D:2      | Noticed Jessica
  1874 | D:2      | Killed Jessica
  1875 | D:2      | Reached XP level 4. HP: 24/24 MP: 8/12
  1897 | D:2      | XOM: divination: detect creatures
  1966 | D:2      | Found a runed translucent door.
  1967 | D:2      | Noticed Crazy Yiuf
  2140 | D:2      | XOM: summons 2 hostile demons
  2199 | D:2      | XOM: silly message
  2327 | D:2      | XOM: give mutations
  2327 | D:2      | Gained mutation: You are frail. (-10% HP) [Xom's mischief]
  2327 | D:2      | Gained mutation: You are weak. (Str -2) [Xom's mischief]
  2327 | D:2      | Gained mutation: You have a pair of small antennae on your
                  | head. [Xom's mischief]
  2410 | D:2      | Killed Crazy Yiuf
  2411 | D:2      | Reached skill level 5 in Spellcasting
  2930 | D:2      | XOM: stat loss: -1 Str (2/3)
  3121 | D:3      | Reached XP level 5. HP: 17/25 MP: 4/14
  3775 | D:3      | XOM: god gift: ring mail {god gift}
  3930 | D:3      | XOM: cloud trail
  3959 | D:3      | Found an iron altar of Okawaru.
  4002 | D:3      | Noticed Iich's ghost (amateur MiBe)
  4033 | D:3      | Found a runed translucent gate.
  4033 | D:3      | Found a runed translucent gate.
  4033 | D:3      | Found a runed translucent gate.
  4055 | D:4      | XOM: stealth player
  4060 | D:4      | XOM: enchant monster (good)
  4060 | D:4      | Noticed Natasha
  4068 | D:4      | HP: 1/25 [orc priest (3)]
  4068 | D:4      | Slain by Natasha

Illustrated notes

Levels and vault maps discovered:
D:1:      saegor_arrival_under_anarchy, layout_basic,
          shapermc_ecumenical_altar_notcrosses, serial_shops, shop_fountains,
          palyth_stone_intersect, st_stairs_9, serial_bayou_pond_b,
          hangedman_decor_clover_reticule
D:2:      layout_basic, basic_altar, minmay_split_cup_small, uniq_jessica,
          uniq_crazy_yiuf_cottage
D:3:      layout_basic, general_overflow_altar, gammafunk_ghost_icy,
          minmay_misc_feat_diagonals, grunt_ministairs_15
D:4:      minmay_inner_zag, layout_basic, minmay_temple_entry_enclosed_plants,
          uniq_natasha

Skill      XL: |  1  2  3  4  5 |
---------------+----------------+-----
Spellcasting   | 4 5 |  5.6
Earth Magic    | 4 |  4.8
Dodging        | 3 |  3.0
Fighting       | |  0.1
Staves         | |  0.1
Stealth        | |  2.7
Conjurations   | |  0.4
Transmutations | |  1.1

Action                   |  1- 3 |  4- 6 || total
-------------------------+-------+-------++-------
Melee: Unarmed           |     3 |     3 ||     6
       Quarterstaff      |       |     9 ||     9
Throw: Stone             |       |     1 ||     1
 Cast: Sandblast         |    42 |    26 ||    68
       Stone Arrow       |     5 |    14 ||    19
  Use: Scroll            |       |     4 ||     4
       Potion            |       |     1 ||     1
Armor: Robe              |     4 |    15 ||    19
Dodge: Dodged            |     9 |    45 ||    54
